 Dungeon Crawl Stone Soup version 0.29.1-15-g9cfb28693d (webtiles) character file.

Game seed: 16220283642490464003

7221 BuddhaDhamma the Severer (level 10, -1/77 HPs)
             Began as a Minotaur Berserker on Mar 23, 2023.
             Was an Elder of Trog.
             Slain by a ten-headed hydra (8 damage)
             ... on level 9 of the Dungeon.
             The game lasted 00:14:50 (8389 turns).

BuddhaDhamma the Severer (Minotaur Berserker)       Turns: 8389, Time: 00:14:50

Health: -1/77      AC: 12    Str: 25    XL:     10   Next: 87%
Magic:  9/9        EV:  9    Int:  4    God:    Trog [****..]
Gold:   423        SH:  5    Dex: 17    Spells: 9/9 levels left

rFire   + . .      SeeInvis +   D - +5 war axe (freeze)
rCold   . . .      Faith    .   (no shield)
rNeg    . . .      Spirit   .   f - +0 chain mail
rPois   +          Reflect  +   (helmet restricted)
rElec   .          Harm     .   m - +1 cloak {Stlth+}
rCorr   .          Rampage  .   b - +0 pair of gloves
Will    .....                   (no boots)
Stlth   ..........              l - amulet of reflection
HPRegen 0.22/turn               B - ring of the Rabble {rPois rF+ Dex+6}
MPRegen 0.11/turn               p - ring of see invisible

@: on berserk cooldown, slowed, very slow
A: horns 2, retaliatory headbutt
a: Renounce Religion, Berserk, Trog's Hand, Brothers in Arms


You were on level 9 of the Dungeon.
You worshipped Trog.
Trog was greatly pleased with you.
You visited 1 branch of the dungeon, and saw 9 of its levels.

You collected 486 gold pieces.
You spent 63 gold pieces at shops.

Inventory:

Hand Weapons
 D - a +5 war axe of freezing (weapon)
Missiles
 v - a throwing net
 y - 20 poisoned darts (quivered)
Armour
 b - a +0 pair of gloves (worn)
 f - a +0 chain mail (worn)
 m - a +1 cloak of stealth (worn)
Jewellery
 g - a ring of positive energy
 l - an amulet of reflection (around neck)
 n - a ring of ice
 o - a +4 ring of evasion
 p - a ring of see invisible (right hand)
 t - an amulet of magic regeneration
 x - an amulet of guardian spirit
 A - a ring of fire
 B - the ring of the Rabble (left hand) {rPois rF+ Dex+6}
   (You found it on level 8 of the Dungeon)

   [ring of dexterity]

   Dex:       It affects your dexterity (+6).
   rF:        It protects you from fire.
   rPois:     It protects you from poison.
Wands
 a - a wand of polymorph (6)
 i - a wand of flame (33)
Scrolls
 q - 2 scrolls of magic mapping
 r - 2 scrolls of fear
 s - a scroll of teleportation
 C - 2 scrolls of identify
Potions
 c - 2 potions of haste
 d - a potion of attraction {unknown}
 e - 4 potions of heal wounds
 h - 5 potions of curing
 j - 4 potions of brilliance
 k - 2 potions of degeneration {unknown}
 w - 4 potions of mutation {unknown}
 z - 2 potions of magic {unknown}


   Skills:
 - Level 3.6 Fighting
 + Level 19.5 Axes
 - Level 2.4 Armour
 - Level 2.1 Dodging


You had 9 spell levels left.
You didn't know any spells.
Your spell library was empty.

Dungeon Overview and Level Annotations

Branches:
Dungeon (9/15)             Temple (0/1) D:5
   Lair: D:8-11         Orc: D:9-12

Altars:
Ashenzari
Cheibriados
Wu Jian
Yredelemnul

Shops:
D:2 [

Portals:
Abyss: D:7

Annotations:
D:6 3 runed translucent doors, sigtrap's ghost, novice SpHu
D:7 2 transporters, Beryl's ghost, novice DrTm


Innate Abilities, Weirdness & Mutations

You have a pair of horns on your head.
You reflexively headbutt those who attack you in melee.


Message History

The eight-headed hydra bites you but does no damage.
The eight-headed hydra barely misses you.
The eight-headed hydra bites you but does no damage.
The eight-headed hydra bites you. x2
The eight-headed hydra bites you! The eight-headed hydra misses you.
The eight-headed hydra bites you but does no damage.
The eight-headed hydra barely misses you.
You block the eight-headed hydra's attack.
The eight-headed hydra barely misses you.
The eight-headed hydra closely misses you.
The eight-headed hydra bites you!
You slice one of the eight-headed hydra's heads off!
The seven-headed hydra grows two more!
You slash the nine-headed hydra!
The nine-headed hydra seems to slow down.
You freeze the nine-headed hydra.
You punch the nine-headed hydra, but do no damage.
The nine-headed hydra is moderately wounded.
You block the nine-headed hydra's attack.
The nine-headed hydra bites you! The nine-headed hydra bites you.
The nine-headed hydra bites you but does no damage.
The nine-headed hydra bites you!
* * * LOW HITPOINT WARNING * * *
The nine-headed hydra closely misses you. x2
The nine-headed hydra barely misses you.
The nine-headed hydra bites you but does no damage.
You lop one of the nine-headed hydra's heads off!
The eight-headed hydra grows two more!
You slice the ten-headed hydra!! You freeze the ten-headed hydra.
The ten-headed hydra is heavily wounded.
The ten-headed hydra bites you!
* * * LOW HITPOINT WARNING * * *
The ten-headed hydra barely misses you.
You block the ten-headed hydra's attack.
The ten-headed hydra bites you.
* * * LOW HITPOINT WARNING * * *
You block the ten-headed hydra's attack.
The ten-headed hydra bites you but does no damage.
The ten-headed hydra closely misses you.
The ten-headed hydra bites you!
You die...

#...........## ..# ....
#................# ....
#......########+##.....
#......#[.......##.....
#..##..'...............
#. #..#...............
# #..#...............
#..#.....).........
...#......@D.......
....#...............
.....######+####.$...
####+## ..... .....
.... ...


You could see a ten-headed hydra (slow).

Vanquished Creatures
  A two-headed ogre (D:9)
  The ghost of THTSBRD the Covert, a novice FoHu of Ashenzari (D:8)
  Pikel (D:8)
  Joseph (D:8)
  Maggie (D:9)
  9 yaks
  A wyvern (D:8)
  A water moccasin (D:7)
  An orc warrior (D:9)
  Pargi (D:3)
  3 sky beasts
  4 black bears
  A centaur (D:9)
  3 ogres
  A lemure (D:8)
  2 phantoms
  A kobold brigand (D:6)
  3 bullfrogs
  5 necrophages
  5 scorpions
  A water moccasin zombie (D:4)
  5 wights
  2 howler monkeys (D:6)
  4 quasits (D:8)
  A bullfrog zombie (D:4)
  Crazy Yiuf (D:2)
  A human zombie (D:4)
  A jelly (D:5)
  A gnoll bouda (D:4)
  2 hounds
  Jessica (D:2)
  An iguana (D:5)
  Natasha (thrice) (D:2)
  5 orc wizards
  A scorpion zombie (D:4)
  A hound zombie (D:4)
  3 mummies (D:4)
  13 gnolls
  7 adders
  A shadow imp (D:5)
  A white imp (D:7)
  An ufetubus (D:5)
  2 adder zombies (D:4)
  3 worms
  2 dart slugs
  21 orcs
  2 endoplasms
  5 giant cockroaches
  9 goblins
  4 hobgoblins
  4 quokkas
  8 ball pythons
  8 bats
  3 frilled lizards
  8 kobolds
  A rat (D:2)
183 creatures vanquished.

Notes
Turn   | Place    | Note
-------+----------+-------------------------------------------
     0 | D:1      | BuddhaDhamma the Minotaur Berserker began the quest for the
                  | Orb.
     0 | D:1      | Reached XP level 1. HP: 19/19 MP: 0/0
   120 | D:1      | Reached skill level 4 in Axes
   270 | D:1      | Found a faded altar of an unknown god.
   408 | D:1      | Reached XP level 2. HP: 26/26 MP: 1/1
   722 | D:2      | Reached skill level 5 in Axes
   722 | D:2      | Reached XP level 3. HP: 31/31 MP: 2/2
   852 | D:2      | Found a broken altar of Ashenzari.
   883 | D:2      | Noticed Jessica
   901 | D:2      | Killed Jessica
   902 | D:2      | Reached skill level 6 in Axes
   902 | D:2      | Reached XP level 4. HP: 16/39 MP: 3/3
  1297 | D:2      | Found Qalib's Armour Emporium.
  1366 | D:2      | Noticed Natasha
  1378 | D:2      | Killed Natasha
  1538 | D:2      | Found a runed translucent door.
  1541 | D:2      | Noticed Crazy Yiuf
  1554 | D:2      | Killed Crazy Yiuf
  1555 | D:2      | Reached skill level 7 in Axes
  1555 | D:2      | Reached XP level 5. HP: 8/45 MP: 1/4
  2084 | D:2      | Noticed Natasha
  2093 | D:2      | Killed Natasha
  2275 | D:2      | Noticed Natasha
  2283 | D:2      | Killed Natasha
  2359 | D:2      | Bought a +0 pair of gloves for 63 gold pieces
  2686 | D:3      | Noticed Pargi
  2696 | D:3      | Killed Pargi
  2697 | D:3      | Reached skill level 8 in Axes
  2697 | D:3      | Reached XP level 6. HP: 51/51 MP: 5/5
  2745 | D:3      | Reached ** piety under Trog
  2802 | D:3      | Found a snail-covered altar of Cheibriados.
  2810 | D:3      | Identified the +10 dagger "Giantbane" {drain, Str+4}
  3339 | D:4      | Reached skill level 9 in Axes
  3379 | D:4      | Reached XP level 7. HP: 55/57 MP: 6/6
  3610 | D:4      | Reached skill level 10 in Axes
  4039 | D:4      | Reached skill level 11 in Axes
  4192 | D:4      | Found a basalt altar of Yredelemnul.
  4267 | D:4      | Reached XP level 8. HP: 64/64 MP: 7/7
  4280 | D:4      | Reached *** piety under Trog
  4290 | D:4      | Reached skill level 12 in Axes
  4410 | D:4      | Found a broken altar of Ashenzari.
  4417 | D:4      | Found an ornate altar of the Wu Jian Council.
  4517 | D:5      | Entered Level 5 of the Dungeon
  4784 | D:5      | Found a staircase to the Ecumenical Temple.
  4882 | D:5      | Reached skill level 13 in Axes
  5678 | D:6      | Reached skill level 14 in Axes
  5838 | D:6      | Reached XP level 9. HP: 65/70 MP: 8/8
  6083 | D:6      | Found a runed translucent gate.
  6083 | D:6      | Found a runed translucent gate.
  6083 | D:6      | Found a runed translucent gate.
  6242 | D:6      | Noticed sigtrap's ghost (novice SpHu)
  6283 | D:7      | Reached skill level 15 in Axes
  6527 | D:7      | Found a transporter.
  6531 | D:7      | Found a transporter.
  6547 | D:7      | Reached **** piety under Trog
  6580 | D:7      | Noticed a hellwing
  6580 | D:7      | Noticed Beryl's ghost (novice DrTm)
  6624 | D:7      | Found a one-way gate to the infinite horrors of the Abyss.
  6640 | D:7      | Noticed a white ugly thing
  6870 | D:8      | Noticed THTSBRD's ghost (novice FoHu)
  6877 | D:8      | Found a transporter.
  6890 | D:8      | Reached skill level 16 in Axes
  6990 | D:8      | Found a transporter.
  7047 | D:8      | Noticed Pikel
  7059 | D:8      | Killed Pikel
  7060 | D:8      | Reached skill level 17 in Axes
  7060 | D:8      | Reached XP level 10. HP: 70/77 MP: 9/9
  7213 | D:8      | Noticed Joseph
  7222 | D:8      | Killed Joseph
  7543 | D:8      | Killed THTSBRD's ghost
  7544 | D:8      | Reached skill level 18 in Axes
  7545 | D:8      | Identified the ring of the Rabble {rPois rF+ Dex+6}
  7581 | D:9      | Noticed Maggie
  7587 | D:9      | Killed Maggie
  7889 | D:9      | Reached skill level 19 in Axes
  8369 | D:9      | Noticed a two-headed ogre
  8380 | D:9      | Killed a two-headed ogre
  8382 | D:9      | Noticed an eight-headed hydra
  8389 | D:9      | Slain by a ten-headed hydra

Illustrated notes

Levels and vault maps discovered:
D:1:      onia_arrival_pentagram, layout_basic,
          shapermc_ecumenical_altar_mp_highgroup, minmay_tromino_v4_b
D:2:      layout_loops_ring, serial_shops, shop, basic_altar,
          hangedman_decor_growths, hangedman_decor_push, uniq_jessica,
          uniq_crazy_yiuf_cottage, uniq_natasha
D:3:      layout_basic, mainiacjoe_overflow_paths, kennysheep_generic_room_6,
          uniq_pargi
D:4:      layout_basic, lemuel_mausoleum_altar_yredelemnul,
          amethyst_overflow_temple_binary
D:5:      layout_loops_ring, minmay_temple_entry_statues_fountains,
          serial_park_tiny_pond
D:6:      layout_basic, gammafunk_ghost_necromancy, minmay_misc_feat_plants,
          hex_tiny, solitary_fountain
D:7:      layout_rooms, gammafunk_ghost_abyssal_escape
D:8:      layout_basic, gammafunk_ghost_stat_death, uniq_pikel, uniq_joseph
D:9:      layout_stronghold, uniq_maggie

Skill      XL: |  1  2  3  4  5  6  7  8  9 10 |
---------------+-------------------------------+-----
Axes           | 4 5 6 7 8 9 11 14 17 19 | 19.5
Fighting       | |  3.6
Armour         | |  2.4
Dodging        | |  2.1

Action                   |  1- 3 |  4- 6 |  7- 9 | 10-12 || total
-------------------------+-------+-------+-------+-------++-------
Melee: Hand axe          |    50 |   120 |   277 |       ||   447
       Headbutt          |     6 |    11 |    70 |    17 ||   104
       Punch             |       |       |     3 |     2 ||     5
       War axe           |       |       |    55 |    67 ||   122
Throw: Dart              |       |       |    11 |       ||    11
Invok: Berserk           |     2 |     3 |     2 |     4 ||    11
  Use: Scroll            |       |       |    12 |       ||    12
 Stab: Sleeping          |       |     3 |       |       ||     3
Armor: Animal skin       |    14 |     4 |       |       ||    18
       Scale mail        |       |    19 |    44 |       ||    63
       Chain mail        |       |       |    36 |    22 ||    58
Dodge: Dodged            |    28 |    55 |   148 |    33 ||   264
Block: Other             |       |    11 |    55 |    19 ||    85
       Reflection        |       |     1 |       |     1 ||     2
